 Dungeon Crawl Stone Soup version 0.31.0-9-g3a7656b989 (webtiles) character file.

Game seed: 1500607950242621648

93 qw the Shooter (level 4, -2/22 HPs)
             Began as a Spriggan Hunter on Feb 2, 2024.
             Was an Initiate of Okawaru.
             Killed by nerve-wracking pain
             ... invoked by an orc priest
              (10 damage)
             ... on level 3 of the Dungeon.
             The game lasted 00:00:05 (1410 turns).

qw the Shooter (Spriggan Hunter)                    Turns: 1410, Time: 00:00:05

Health: -2/22      AC:  2    Str:  7    XL:     4   Next: 36%
Magic:  5/5        EV: 20    Int: 10    God:    Okawaru [......]
Gold:   68         SH:  0    Dex: 20    Spells: 3/3 levels left

rFire   . . .        a - +0 shortbow
rCold   . . .        (shield currently unavailable)
rNeg    . . .        c - +0 robe
rPois   .            (helmet restricted)
rElec   .            (no cloak)
rCorr   .            (gloves unavailable)
SInv    +            (boots unavailable)
Will    .....        (no amulet)
Stlth   ++           (no ring)
HPRegen 0.23/turn    (no ring)
MPRegen 0.09/turn

%: no passive effects
@: very quick
A: very small, no large weapons, unfitting armour, see invisible, speed 3
a: Renounce Religion


You were on level 3 of the Dungeon.
You worshipped Okawaru.
Okawaru was noncommittal.
You visited 1 branch of the dungeon, and saw 3 of its levels.

You collected 68 gold pieces.


Innate Abilities, Weirdness & Mutations

You are very small and have problems with some larger weapons.
You are too small for most types of armour.
You have supernaturally acute eyesight. (SInv)
You cover ground extremely quickly. (Speed+++)


   Skills:
 - Level 1.5 Fighting
 - Level 5.0 Ranged Weapons
 + Level 4.8 Dodging
 - Level 1.5 Stealth


You had 3 spell levels left.
You didn't know any spells.
Your spell library was empty.

Inventory:

Hand Weapons
 a - a +0 shortbow (weapon)
Armour
 c - a +0 robe (worn)
Jewellery
 h - a ring of ice
Scrolls
 d - 3 scrolls of identify
 e - 2 scrolls of enchant armour
 g - a scroll of teleportation {unknown}
Potions
 b - 2 potions of curing
 f - a potion of heal wounds {unknown}

Dungeon Overview and Level Annotations

Branches:
Dungeon (3/15)

Altars:
Kikubaaqudgha
Okawaru


Message History

You shoot an arrow. The arrow barely misses the bat.
The bat barely misses you.
You shoot an arrow. The arrow hits the bat.
You kill the bat!
Okawaru accepts your kill.
You see here a bat corpse.
h - a ring of ice An orc priest comes into view.
It is wielding a +0 glaive.
You shoot an arrow. The arrow barely misses the orc priest.
The orc priest shouts!
You shoot an arrow.
The arrow closely misses the orc priest.
You shoot an arrow. The arrow barely misses the orc priest.
The orc priest calls down the wrath of Beogh upon you.
You struggle to resist.
You shoot an arrow. The arrow barely misses the orc priest.
You shoot an arrow. The arrow hits the orc priest.
The orc priest is lightly wounded.
The orc priest looks encouraged for a moment.
You shoot an arrow. The arrow barely misses the orc priest.
You shoot an arrow. The arrow hits the orc priest.
The orc priest is heavily wounded.
The orc priest closely misses you.
You shoot an arrow.
The arrow hits the orc priest but does no damage.
The orc priest is heavily wounded.
The orc priest barely misses you.
You shoot an arrow. The arrow barely misses the orc priest.
The orc priest misses you.
You shoot an arrow. The arrow hits the orc priest.
The orc priest is severely wounded.
The orc priest hits you from afar with a +0 glaive!
Ouch! That really hurt!
The orc priest casts a cantrip, but nothing happens.
You shoot an arrow.
The arrow hits the orc priest but does no damage.
The orc priest is severely wounded.
The orc priest invokes the aid of Beogh against you.
Pain shoots through your body!
You die...

# .#. ##
....#.#
.......####
#.o..#.##
#@...##
##....##
#.....#
#..#.##
##.#..##
#.#...###
#.......#
###...#.#
##...#.#


You could see an orc priest.

Vanquished Creatures
  An orc priest (D:3)
  An adder (D:2)
  2 orcs
  4 endoplasms (D:2)
  A giant cockroach (D:1)
  5 goblins
  7 hobgoblins
  6 jackals (D:1)
  5 ball pythons
  5 bats
  2 frilled lizards
  5 kobolds
  3 rats
47 creatures vanquished.

Notes
Turn   | Place    | Note
-------+----------+-------------------------------------------
     0 | D:1      | qw the Spriggan Hunter began the quest for the Orb.
     0 | D:1      | Reached XP level 1. HP: 10/10 MP: 2/2
     0 | D:1      | 0 ||| qw: Version: 0.3-a-155-g5e7d8dd
     0 | D:1      | 0 ||| qw: Game counter: 1270
     0 | D:1      | 0 ||| qw: Melee chars always use a shield: true
     0 | D:1      | 0 ||| qw: God list: Okawaru
     0 | D:1      | 0 ||| qw: Allow faded altars: false
     0 | D:1      | 0 ||| qw: Do Orc after clearing Dungeon:15 true
     0 | D:1      | 0 ||| qw: Do second Lair branch before Depths: true
     0 | D:1      | 0 ||| qw: Lair rune preference: random
     0 | D:1      | 0 ||| qw: Goals: Normal
     0 | D:1      | 0 ||| PLANNING D:1-11
    12 | D:1      | Reached skill level 3 in Dodging
    70 | D:1      | Found a faded altar of an unknown god.
    84 | D:1      | Reached XP level 2. HP: 14/14 MP: 3/3
   298 | D:1      | Reached XP level 3. HP: 18/18 MP: 4/4
   410 | D:1      | 410 ||| READING 4 scrolls labelled DAEJOWKIWN.
   410 | D:1      | 410 ||| IDENTIFYING scroll labelled YTEWIG FOEGI
   411 | D:1      | 411 ||| DROPPING scroll of butterflies.
  1072 | D:2      | 1072 ||| READING 7 scrolls of identify.
  1072 | D:2      | 1072 ||| IDENTIFYING murky yellow potion
  1073 | D:2      | 1073 ||| READING 6 scrolls of identify.
  1073 | D:2      | 1073 ||| IDENTIFYING 2 bubbling clear potions
  1074 | D:2      | 1074 ||| READING 5 scrolls of identify.
  1074 | D:2      | 1074 ||| IDENTIFYING scroll labelled TASTRAU ACET
  1075 | D:2      | 1075 ||| READING 4 scrolls of identify.
  1075 | D:2      | 1075 ||| IDENTIFYING scroll labelled ASAIMO CEUDGHUA
  1076 | D:2      | 1076 ||| DROPPING scroll of torment.
  1077 | D:2      | 1077 ||| DROPPING potion of lignification.
  1078 | D:2      | 1078 ||| DROPPING scroll of poison.
  1086 | D:3      | Found an iron altar of Okawaru.
  1087 | D:3      | 1087 ||| PLANNING OKAWARU WORSHIP
  1092 | D:3      | 1092 ||| STAIRDANCE
  1102 | D:3      | 1102 ||| STAIRDANCE
  1110 | D:3      | 1110 ||| STAIRDANCE
  1113 | D:2      | Reached skill level 5 in Ranged Weapons
  1119 | D:3      | Reached XP level 4. HP: 7/22 MP: 5/5
  1123 | D:3      | 1123 ||| STAIRDANCE
  1209 | D:3      | Became a worshipper of Warmaster Okawaru
  1210 | D:3      | 1210 ||| PLANNING D:1-11
  1283 | D:3      | Found an ancient bone altar of Kikubaaqudgha.
  1410 | D:3      | Killed from afar by an orc priest

Levels and vault maps discovered:
D:1:      saegor_arrival_simple_b, layout_rooms, ebering_ecumenical_altar_box,
          glass_columns_c
D:2:      layout_loops_ring, kennysheep_nub, kennysheep_generic_room_9
D:3:      layout_loops_ring, kiku_gazebo_pond_becter, okawaru_gym_becter,
          nicolae_figureground_pulse

Skill      XL: |  1  2  3 |
---------------+----------+-----
Dodging        | 3 4 |  4.8
Ranged Weapons | 5 |  5.0
Fighting       | |  1.5
Stealth        | |  1.5

Action                     |  1- 3 |  4- 6 || total
---------------------------+-------+-------++-------
   Fire: Shortbow          |    92 |    21 ||   113
    Use: Scroll            |     5 |       ||     5
 Armour: Robe              |     7 |     2 ||     9
  Dodge: Dodged            |    21 |     5 ||    26

Table legend:
 A = Non-vault XP
 B = Vault XP
 C = Vault XP percentage of total XP
 D = Non-vault monster count
 E = Vault monster count
 F = Vault count percentage of total count
                 A         B        C        D         E       F
            +---------+---------+-------+---------+---------+-------
      Total |     132 |       1 |   0.8 |      46 |       1 |   2.1
            +---------+---------+-------+---------+---------+-------
        D:1 |      41 |       0 |   0.0 |      24 |       0 |   0.0
        D:2 |      41 |       1 |   2.4 |      17 |       1 |   5.6
        D:3 |      50 |       0 |   0.0 |       5 |       0 |   0.0
            +---------+---------+-------+---------+---------+-------
